 Dungeon Crawl Stone Soup version 0.22-a0-542-gce4f928 (webtiles) character file.

975 Gildeon the Carver (level 8, -12/58 HPs)
             Began as a Human Fighter on June 24, 2018.
             Mangled by Menkaure (19 damage)
             ... on level 5 of the Dungeon.
             The game lasted 00:27:35 (5718 turns).

Gildeon the Carver (Human Fighter)                  Turns: 5718, Time: 00:27:37

Health: -12/58     AC: 11    Str: 18    XL:     8   Next: 39%
Magic:  8/8        EV:  4    Int:  9    God:
Gold:   257        SH: 10    Dex: 13    Spells: 7/7 levels left

rFire    x . .     SeeInvis .   a - +1 long sword
rCold    + . .     Gourm    .   c - +1 shield
rNeg     . . .     Faith    .   l - +0 chain mail
rPois    .         Spirit   .   x - +1 hat
rElec    .         Reflect  .   w - +0 cloak
rCorr    +         Harm     .   (no gloves)
MR       .....                  (no boots)
Stlth    ..........             (no amulet)
HPRegen  0.19/turn              h - ring of resist corrosion
MPRegen  0.11/turn              v - ring of ice

@: no status effects
A: no striking features
a: no special abilities


You were on level 5 of the Dungeon.
You were not hungry.

You visited 1 branch of the dungeon, and saw 5 of its levels.
You also visited: Ossuary.

You collected 257 gold pieces.

Inventory:

Hand Weapons
 a - a +1 long sword (weapon)
 s - a +1 flail of protection
Armour
 b - a +0 scale mail
 c - a +1 shield (worn)
 l - a +0 chain mail (worn)
 o - a cursed -1 ring mail
 p - a +0 leather armour
 w - a +0 cloak (worn)
 x - a +1 hat (worn)
Jewellery
 h - a ring of resist corrosion (left hand)
 v - a ring of ice (right hand)
Wands
 g - a wand of random effects (22)
Scrolls
 i - a scroll of remove curse
 j - 5 scrolls of teleportation
 m - 2 scrolls of enchant armour
 t - 3 scrolls of amnesia
 y - a scroll of identify
Potions
 k - a potion of brilliance
 n - 3 potions of flight
 q - 3 potions of invisibility
 r - 2 potions of berserk rage
Comestibles
 d - 4 chunks of flesh
 f - 4 rations


   Skills:
 - Level 3.0 Fighting
 + Level 9.4 Long Blades
 - Level 3.0 Armour
 - Level 3.0 Shields


You had 7 spell levels left.
You didn't know any spells.
Your spell library contained the following spells:

 Spells                   Type           Power        Failure   Level  Hunger
 Confuse                  Hex            #.......     100%        3    ####...
 Confusing Touch          Hex            #.....       100%        1    ##.....
 Metabolic Englaciation   Hex/Ice        #.........   100%        5    ######.
 Petrify                  Tmut/Erth      #.......     100%        4    #####..
 Gell's Gravitas          Tloc           #.........   100%        3    ####...
 Yara's Violent Unravell  Hex/Tmut       #.........   100%        5    ######.


Dungeon Overview and Level Annotations

Branches:
Dungeon (5/15)
 Temple: D:4-7

Altars:
Ashenzari
Cheibriados
Hepliaklqana
Makhleb
Trog
Xom

Annotations:
D:5 Menkaure


Message History

You slash Menkaure!
Menkaure is almost destroyed.
Menkaure hits you but does no damage. x2
You hit Menkaure.
Menkaure is almost destroyed.
Menkaure hits you.
You completely miss Menkaure.
Menkaure is almost destroyed.
Menkaure hits you.
Your shield and chain mail prevent you from hitting Menkaure.
Menkaure is almost destroyed.
Menkaure hits you!
* * * LOW HITPOINT WARNING * * *
You completely miss Menkaure.
Menkaure is almost destroyed.
Menkaure calls on the powers of darkness!
Your body is wracked with pain!
* * * LOW HITPOINT WARNING * * *
Menkaure hits you!!
You die...

,,* *,* #.# # ,,* *,***** #.# #
,** *.,,..* #.# # ,*****
**,.##.####** #.# # ,,,,,*
*,,,........####.#########
,***,***,*###.####........##.....
***,,,,.,##.....##..#.###.##.####
* *,,**#.#.......#..#.###.##.# *
*,<* #.#......@#..#...#.##.#
***,,**#....._...M..###.#....#
,,,,,,,,.#.......#..# #.####.#
***,,**#,#.......#..# #.# #.#
*,,* #.##.....##,.# #.# #.# *,,*
#.####.####..# #.# #.# ***,,*
#............# #.# #.# ,,,,,*
#.#.....###### #.# #.# ***,**
#.>....#########.####.#


You could see Menkaure.

Vanquished Creatures
  A phantom (D:5)
  An ogre (D:4)
  A centaur (D:5)
  A gnoll sergeant (D:5)
  A scorpion (D:4)
  A jelly (D:5)
  A hound (D:4)
  An orc priest (D:3)
  Terence (D:3)
  An iguana (D:5)
  2 worker ants
  8 big kobold zombies (Ossuary)
  A hound skeleton (D:2)
  A mummy (Ossuary)
  4 adders
  9 gnolls
  A shadow imp (D:5)
  An ooze (D:1)
  An adder skeleton (D:4)
  A worm (D:3)
  A dart slug (D:1)
  5 leopard geckos
  8 orcs
  2 spectral bats (Ossuary)
  3 bats (D:1)
  6 giant cockroaches
  4 gnoll zombies (Ossuary)
  5 hobgoblins
  6 jackals
  A quokka (D:5)
  A bat simulacrum (Ossuary)
  2 frilled lizards (D:1)
  3 goblins
  5 goblin simulacra (Ossuary)
  6 goblin zombies (Ossuary)
  3 hobgoblin zombies (Ossuary)
  3 kobolds
  2 kobold simulacra (Ossuary)
  4 kobold zombies (Ossuary)
  5 orc zombies (Ossuary)
  9 rats
  3 rat simulacra (Ossuary)
  4 spectral goblins (Ossuary)
  6 spectral kobolds (Ossuary)
  A spectral rat (Ossuary)
137 creatures vanquished.

Notes
Turn   | Place    | Note
-------+----------+-------------------------------------------
     0 | D:1      | Gildeon the Human Fighter began the quest for the Orb.
     0 | D:1      | Reached XP level 1. HP: 18/18 MP: 1/1
   203 | D:1      | Reached XP level 2. HP: 19/24 MP: 2/2
   369 | D:1      | Reached skill level 3 in Long Blades
   464 | D:1      | Reached XP level 3. HP: 23/29 MP: 3/3
   959 | D:2      | Reached skill level 4 in Long Blades
   959 | D:2      | Reached XP level 4. HP: 35/35 MP: 4/4
  1114 | D:2      | Found a burning altar of Makhleb.
  1115 | D:2      | Noticed an Executioner
  1119 | D:2      | Noticed a hellwing
  1119 | D:2      | Noticed a hellwing
  1811 | D:3      | Noticed Terence
  1826 | D:3      | Killed Terence
  1826 | D:3      | Reached XP level 5. HP: 41/41 MP: 5/5
  2247 | D:3      | Reached skill level 5 in Long Blades
  2858 | D:4      | Found a sand-covered staircase.
  2878 | D:4      | Noticed an ogre
  2886 | D:4      | Killed an ogre
  2886 | D:4      | Reached skill level 6 in Long Blades
  2886 | D:4      | Reached XP level 6. HP: 47/47 MP: 6/6
  2909 | Ossuary  | Entered an ossuary
  3261 | Ossuary  | Reached XP level 7. HP: 49/52 MP: 7/7
  3295 | Ossuary  | Reached skill level 7 in Long Blades
  4322 | D:4      | Found a shimmering altar of Xom.
  4323 | D:4      | Found a hazy altar of Hepliaklqana.
  4323 | D:4      | Noticed a Killer Klown
  4324 | D:4      | Noticed a Killer Klown
  4324 | D:4      | Noticed a spectral ugly thing
  4386 | D:4      | Found a bloodstained altar of Trog.
  4464 | D:5      | Entered Level 5 of the Dungeon
  4478 | D:5      | Reached skill level 8 in Long Blades
  4936 | D:5      | Found a shattered altar of Ashenzari.
  5435 | D:5      | Reached XP level 8. HP: 58/58 MP: 8/8
  5527 | D:5      | Reached skill level 9 in Long Blades
  5702 | D:5      | Found a snail-covered altar of Cheibriados.
  5709 | D:5      | Noticed Menkaure
  5718 | D:5      | Mangled by Menkaure

Vault maps used:
D:1:      matt_arrival_refuge
D:2:      makhleb_altar_promises_db, minmay_tromino_v4_b
D:3:      first_ration, serial_bayou_pond_a, uniq_terence
D:4:      regret_index_temple_of_mockery, bloody_trog,
          nicolae_ossuary_entry_false_entrances
D:5:      nicolae_overflow_crystal_walls, kennysheep_little_box,
          old_standard_altar, grunt_decor_one_mirror,
          fedhas_bush_and_centaur_altar, uniq_menkaure, uniq_eustachio
Ossuary:  ossuary_zaba_two_paths

Skill      XL: |  1  2  3  4  5  6  7  8 |
---------------+-------------------------+-----
Long Blades    | 3 4 6 8 9 |  9.4
Fighting       | |  3.0
Armour         | |  3.0
Shields        | |  3.0

Action                   |  1- 3 |  4- 6 |  7- 9 || total
-------------------------+-------+-------+-------++-------
Melee: Long sword        |    82 |   305 |   267 ||   654
Evoke: Wand              |       |     3 |     1 ||     4
  Use: Scroll            |     6 |     6 |     5 ||    17
       Potion            |       |     3 |     3 ||     6
  Eat: Chunk             |       |     6 |     1 ||     7
       Ration            |       |     1 |     2 ||     3
Armor: Scale mail        |    36 |    10 |     5 ||    51
       Chain mail        |       |    96 |   125 ||   221
Dodge: Dodged            |    26 |    37 |    47 ||   110
Block: Shield            |    37 |   130 |   112 ||   279
       Rpst.: Long sword |    11 |    12 |    17 ||    40

Table legend:
 A = Spawn XP
 B = Non-spawn XP
 C = Spawn XP percentage of total XP
 D = Spawn monster count
 E = Non-spawn monster count
 F = Spawn count percentage of total count
 G = Total turns spent on level
                    A         B        C        D         E        F      G
               +---------+---------+-------+---------+---------+-------+---------
         Total |       0 |    1393 |   0.0 |       0 |     137 |   0.0 |  5718
               +---------+---------+-------+---------+---------+-------+---------
           D:1 |       0 |      54 |   0.0 |       0 |      23 |   0.0 |   822
           D:2 |       0 |      47 |   0.0 |       0 |      11 |   0.0 |   960
           D:3 |       0 |     154 |   0.0 |       0 |      23 |   0.0 |  1041
           D:4 |       0 |     296 |   0.0 |       0 |       9 |   0.0 |  1213
           D:5 |       0 |     576 |   0.0 |       0 |      16 |   0.0 |   924
       Ossuary |       0 |     266 |   0.0 |       0 |      55 |   0.0 |   758
               +---------+---------+-------+---------+---------+-------+---------
